 Dungeon Crawl Stone Soup version 0.32-a0-42-ga30500b4d3 (webtiles) character file.

Game seed: 4741634358532299698

35 Atlas the Firebug (level 3, -3/25 HPs)
             Began as a Demonspawn Fire Elementalist on Jan 26, 2024.
             Slain by a kobold
             ... wielding a +0 whip
              (5 damage)
             ... on level 1 of the Dungeon.
             The game lasted 00:01:44 (1693 turns).

Atlas the Firebug (Demonspawn Fire Elementalist)    Turns: 1693, Time: 00:01:45

Health: -3/25      AC:  4    Str:  8    XL:     3   Next: 16%
Magic:  6/6        EV: 12    Int: 17    God:
Gold:   47         SH:  0    Dex: 13    Spells: 4/7 levels left

rFire   . . .        (no weapon)
rCold   . . .        (no shield)
rNeg    . . .        a - +0 robe
rPois   .            (no helmet)
rElec   .            (no cloak)
rCorr   .            (no gloves)
SInv    .            (no boots)
Will    .....        (no amulet)
Stlth   ++           (no ring)
HPRegen 0.24/turn    (no ring)
MPRegen 0.10/turn

%: no passive effects
@: no status effects
A: thin metallic scales 1, demonic guardian 1
a: no special abilities


You were on level 1 of the Dungeon.
You visited 1 branch of the dungeon, and saw 1 of its levels.

You collected 47 gold pieces.

Inventory:

Armour
 a - a +0 robe (worn)
Jewellery
 e - an amulet of reflection
Scrolls
 c - 2 scrolls of identify {unknown}
 f - a scroll of immolation {unknown}
Potions
 b - a potion of magic
 d - a potion of haste {unknown}


   Skills:
 + Level 0.3 Fighting
 + Level 2.0 Dodging
 + Level 1.9 Stealth
 + Level 2.5 Spellcasting
 + Level 1.3 Conjurations
 + Level 3.1 Fire Magic


You had 4 spell levels left.
You knew the following spells:

 Your Spells              Type           Power      Damage    Failure   Level
a - Scorch                Fire           24%        2d6       8%          2
b - Foxfire               Conj/Fire      36%        2x1d5     8%          1

Your spell library contained the following spells:

 Spells                   Type           Power      Damage    Failure   Level
 Inner Flame              Hex/Fire       7%         N/A       28%         3
 Volatile Blastmotes      Fire/Tloc      14%        2d11      28%         3
 Flame Wave               Conj/Fire      9%         2d6       58%         4


Dungeon Overview and Level Annotations

Branches:
Dungeon (1/15)

Altars:


Innate Abilities, Weirdness & Mutations

You are partially covered in thin metallic scales. (AC +2)
A weak demonic guardian rushes to your aid.


Message History

The bat closely misses you. The kobold attacks as it pursues you!
The kobold hits you but does no damage. The bat hits you but does no damage.
The kobold attacks as it pursues you! The kobold hits you with a +0 whip.
The bat attacks as it pursues you! The bat barely misses you.
The bat closely misses you. The kobold attacks as it pursues you!
The kobold hits you with a +0 whip. The bat barely misses you.
The bat hits you but does no damage. The kobold attacks as it pursues you!
The kobold hits you with a +0 whip.
* * * LOW HITPOINT WARNING * * *
The bat barely misses you. The bat attacks as it pursues you!
The bat hits you but does no damage. The bat barely misses you.
You see here 4 gold pieces.
The bat misses you. The bat hits you but does no damage.
The bat barely misses you. The bat completely misses you. The bat hits you.
* * * LOW HITPOINT WARNING * * *
The bat hits you but does no damage. The bat closely misses you.
The kobold barely misses you. The bat barely misses you. The kobold misses you.
The kobold barely misses you. The bat misses you. The bat closely misses you.
The kobold misses you. The bat misses you. The bat closely misses you.
The kobold hits you with a +0 whip.
* * * LOW HITPOINT WARNING * * *
The bat hits you but does no damage. The kobold hits you but does no damage.
The bat completely misses you. The kobold hits you with a +0 whip.
* * * LOW HITPOINT WARNING * * *
A demonic guardian appears!
The bat misses your iron imp.
The bat hits your iron imp but does no damage. x2
The kobold hits you but does no damage.
The bat hits your iron imp but does no damage.
The bat hits you but does no damage.
Your iron imp barely misses the bat.
The kobold hits you with a +0 whip.
You die...

# #........#
#.##.........
#.##.......##
#.###......# #.#
#......# #.#
#..)...# #.#
#......#
######.###......#
#@K...$.....#'#.#
#b####.######.#.#
#5# #... ..#.#
#.# ###########.#
#.#
..........#.##
#.#
#######.#.#...
#.#
#.......#.####
#.#
#.####........
#.# #........


You could see a bat (ally target), a kobold and a friendly iron imp (summoned).

Vanquished Creatures
  A ball python (D:1)
  3 endoplasms (D:1)
  A giant cockroach (D:1)
  3 goblins (D:1)
  3 hobgoblins (D:1)
  2 quokkas (D:1)
  5 bats (D:1)
  3 frilled lizards (D:1)
  4 rats (D:1)
25 creatures vanquished.

Vanquished Creatures (collateral kills)
  A dart slug (D:1)
  A quokka (D:1)
  A ball python (D:1)
  A frilled lizard (D:1)
  A goblin (D:1)
5 creatures vanquished.

Vanquished Creatures (others)
  59 foxfires (D:1)
59 creatures vanquished.

Grand Total: 89 creatures vanquished

Notes
Turn   | Place    | Note
-------+----------+-------------------------------------------
     0 | D:1      | Atlas the Demonspawn Fire Elementalist began the quest for
                  | the Orb.
     0 | D:1      | Reached XP level 1. HP: 13/13 MP: 3/3
   330 | D:1      | Gained mutation: A weak demonic guardian rushes to your
                  | aid. [demonic ancestry]
   330 | D:1      | Reached XP level 2. HP: 18/19 MP: 1/5
   410 | D:1      | Reached skill level 3 in Fire Magic
   785 | D:1      | Found a faded altar of an unknown god.
  1286 | D:1      | Learned a level 2 spell: Scorch
  1356 | D:1      | Gained mutation: You are partially covered in thin metallic
                  | scales. (AC +2) [demonic ancestry]
  1356 | D:1      | Reached XP level 3. HP: 24/24 MP: 1/6
  1693 | D:1      | Slain by a kobold

Illustrated notes

Levels and vault maps discovered:
D:1:      lordsloth_arrival_two_stooges, layout_basic,
          shapermc_ecumenical_altar_notcrosses

Skill      XL: |  1  2 |
---------------+-------+-----
Fire Magic     | 3 |  3.1
Dodging        | 2 |  2.0
Fighting       | |  0.3
Stealth        | |  1.9
Spellcasting   | |  2.5
Conjurations   | |  1.3

Action                     || total
---------------------------++-------
  Melee: Unarmed           ||    46
   Cast: Foxfire           ||    38
         Scorch            ||     7
 Armour: Robe              ||    84
  Dodge: Dodged            ||   105

Table legend: (Time is in decaauts)
 A = Elapsed time spent in this place.
 B = Non-inter-level travel time spent in this place.
 C = Inter-level travel time spent in this place.
 D = Time resting spent in this place.
 E = Time spent auto-exploring this place.
 F = Levels seen in this place.
 G = Mean time per level.
                   A        B        C        D        E       F      G
               +--------+--------+--------+--------+--------+-----+--------+
         Total |   1693 |   1693 |      0 |      0 |   1320 |   1 | 1693.0 |
       Dungeon |   1693 |   1693 |      0 |      0 |   1320 |   1 | 1693.0 |
               +--------+--------+--------+--------+--------+-----+--------+

Top non-repeatable levels by time:
     D:1: 1693 daAuts
